Map: Abyssal Reef LE

Players

DeMusliM - Winner!

  • Race: Terran Terran
  • League: Grandmaster
  • Spawn Location: 5:00

LiquidSnute (Snute)

  • Race: Zerg Zerg
  • League: Grandmaster
  • Spawn Location: 11:00

VOD

Have the link to the VOD?

Description

Time

  • Played on: Dec. 31, 2017, 4:55 p.m.
  • Length: 7:39
Show
View Real Time Build Order
Export as new Build Order

DeMusliM Terran - Winner!

Build Orders: Hellion Opening, Mech 

Get SALT Encoding   

  12  0:00  SCV  
  13  0:12  SCV  
  14  0:17  Supply Depot  
  14  0:24  SCV  
  15  0:39  SCV  
  15  0:40  Barracks  
  16  0:44  Refinery  
  16  0:51  SCV  
  17  1:03  SCV  
  18  1:15  SCV  
  19  1:27  Marine, Orbital Command  
  20  1:41  Command Center  
  20  1:45  Marine  
  21  1:56  Factory  
  21  1:59  SCV  
  22  2:04  Barracks Reactor  
  22  2:09  Supply Depot  
  22  2:12  SCV  
  23  2:21  Refinery  
  23  2:30  SCV  
  24  2:43  SCV  
  25  2:45  Armory  
  25  2:48  Hellion x2  
  29  2:54  Reaper  
  29  2:55  SCV  
  31  2:59  Orbital Command  
  31  3:07  SCV  
  31  3:11  Hellion  
  36  3:12  Hellion  
  36  3:20  SCV  
  37  3:32  Hellion  
  41  3:34  Hellion  
  41  3:36  SCV  
  41  3:37  SCV  
  41  3:41  Supply Depot  
  43  3:42  Supply Depot  
  44  3:56  Hellion x2, Terran Vehicle Weapons Level 1  
  44  4:02  SCV x2  
  48  4:14  SCV x2  
  50  4:27  Hellion x2, SCV x2  
  52  4:39  SCV x2  
  48  4:48  Command Center  
  48  4:51  SCV x2  
  50  4:56  Hellion x2  
  50  5:03  SCV x2  
  50  5:10  Barracks Tech Lab  
  50  5:12  Supply Depot  
  50  5:13  Starport  
  48  5:15  SCV x2  
  48  5:17  Hellion x2  
  54  5:24  Factory  
  54  5:25  Factory  
  54  5:27  SCV x2  
  56  5:34  Refinery  
  56  5:35  Refinery  
  56  5:39  Barracks Tech Lab, SCV x2  
  56  5:42  Hellion x2  
  62  5:51  SCV x2  
  62  5:56  Viking, Cloaking Field  
  66  6:01  Orbital Command  
  66  6:03  SCV x2  
  68  6:06  Hellion x2  
  68  6:10  Supply Depot, Factory Tech Lab  
  72  6:15  Supply Depot, SCV  
  72  6:17  Siege Tank  
  72  6:18  Infernal Pre-Igniter  
  76  6:23  SCV  
  77  6:27  Orbital Command  
  77  6:28  SCV  
  78  6:35  SCV, Banshee  
  78  6:37  Siege Tank  
  78  6:38  Factory  
  78  6:39  Hellion x2  
  89  6:40  SCV  
  89  6:46  Supply Depot  
  90  6:48  SCV  
  90  6:51  Siege Tank  
  90  6:52  SCV  
  95  6:55  Engineering Bay  
  95  7:00  SCV  
  96  7:04  SCV x2  
  96  7:07  Refinery  
  96  7:08  Refinery  
  98  7:12  SCV  
  98  7:14  Hellion x2  
Show
View Real Time Build Order
Export as new Build Order

LiquidSnute Zerg 

Build Orders: Pool First 

Get SALT Encoding   

  12  0:00  Drone  
  13  0:12  Overlord  
  13  0:17  Drone  
  14  0:30  Drone x2  
  14  0:34  Drone  
  17  0:44  Spawning Pool  
  17  0:48  Drone  
  17  1:09  Hatchery  
  16  1:11  Drone  
  16  1:15  Drone  
  16  1:17  Extractor  
  17  1:30  Queen  
  17  1:31  Zergling x2  
  20  1:34  Drone  
  21  1:40  Overlord  
  21  1:49  Drone  
  22  2:00  Drone  
  23  2:06  Queen  
  25  2:11  Drone  
  26  2:19  Metabolic Boost  
  26  2:21  Queen  
  26  2:22  Drone  
  29  2:25  Drone  
  30  2:31  Drone  
  30  2:35  Overlord  
  30  2:38  Drone  
  30  2:39  Drone  
  30  2:41  Drone  
  30  2:44  Drone  
  34  2:46  Drone  
  35  3:00  Hatchery  
  35  3:04  Drone x2  
  36  3:08  Overlord  
  36  3:11  Drone  
  37  3:14  Zergling x4  
  37  3:15  Zergling x2  
  37  3:17  Drone  
  37  3:19  Drone  
  42  3:22  Overlord  
  42  3:25  Drone  
  42  3:26  Drone  
  44  3:29  Drone  
  45  3:34  Queen  
  45  3:38  Zergling x2  
  45  3:40  Zergling x2  
  49  3:50  Zergling x4  
  49  3:53  Drone  
  49  3:54  Overlord  
  52  3:56  Overlord  
  48  4:04  Queen  
  48  4:06  Zergling x6  
  48  4:08  Zergling x2  
  48  4:09  Zergling x2  
  49  4:10  Queen  
  49  4:14  Zergling x2  
  49  4:17  Zergling x2  
  54  4:23  Zergling x2  
  55  4:26  Zergling x2  
  55  4:28  Zergling x4  
  55  4:34  Zergling x2  
  50  4:40  Queen, Zergling x2  
  50  4:41  Zergling x2  
  52  4:45  Queen  
  53  4:57  Hatchery  
  46  5:00  Spore Crawler, Drone x4  
  46  5:05  Drone  
  49  5:09  Spore Crawler, Drone  
  49  5:13  Drone  
  50  5:16  Queen  
  50  5:17  Extractor  
  50  5:18  Roach Warren  
  50  5:21  Queen  
  50  5:22  Drone x5  
  50  5:23  Drone  
  50  5:26  Drone  
  50  5:27  Drone  
  60  5:34  Spore Crawler  
  58  5:36  Overlord  
  58  5:38  Drone  
  59  5:47  Overlord x2  
  59  5:48  Extractor  
  58  5:54  Queen  
  60  5:58  Overlord  
  60  6:09  Roach  
  60  6:10  Roach x6  
  74  6:21  Roach x4  
  74  6:22  Roach  
  74  6:25  Roach  
  82  6:29  Roach  
  82  6:30  Zergling x4  
  82  6:32  Queen  
  88  6:35  Roach x2  
  88  6:37  Overlord  
  92  6:40  Zergling x4  
  92  6:41  Zergling x2  
  92  6:43  Zergling x2  
  97  6:47  Zergling x2  
  97  6:48  Overlord  
  97  6:49  Overlord x3  
  97  7:03  Overlord  
  99  7:08  Roach  
  99  7:09  Roach x4  
  107  7:16  Zergling x2  
  107  7:17  Zergling x10  
Tags
 
Add a new tag
Caveats
  • Supply blocks, unpowered buildings, or Contaminate may cause inaccurate times.
  • Supply counts are checked every 10 seconds.